 Dungeon Crawl Stone Soup version 0.29.0-15-g675c0067aa (webtiles) character file.

Game seed: 13284725822906611575

25 sentinel the Poker (level 2, 22/22 HPs)
             Began as a Mummy Wanderer on Sept 11, 2022.
             Quit the game on level 3 of the Dungeon.
             The game lasted 00:02:41 (363 turns).

sentinel the Poker (Mummy Wanderer)                  Turns: 363, Time: 00:02:42

Health: 22/22      AC:  7    Str: 13    XL:     2   Next: 86%
Magic:  4/4        EV: 10    Int:  8    God:
Gold:   41         SH:  0    Dex: 16    Spells: 3/4 levels left

rFire   x . .      SeeInvis .   a - +2 spear
rCold   + . .      Faith    .   (no shield)
rNeg    + + +      Spirit   .   f - +0 leather armour
rPois   ∞          Reflect  .   (no helmet)
rElec   .          Harm     .   (no cloak)
rCorr   .          Rampage  .   (no gloves)
Will    .....                   (no boots)
Stlth   ++........              (no amulet)
HPRegen 0.07/turn               p - +4 ring of protection
MPRegen 0.09/turn               (no ring)

@: no status effects
A: cold resistance 1, negative energy resistance 3, torment resistance 2, heat
vulnerability 1, no potions
a: no special abilities


You were on level 3 of the Dungeon.
You visited 1 branch of the dungeon, and saw 3 of its levels.

You collected 41 gold pieces.

Inventory:

Hand Weapons
 a - a +2 spear (weapon)
 b - a +0 sling
 d - a +0 dagger
 j - a +0 quarterstaff
Missiles
 c - 13 poisoned darts (quivered)
Armour
 f - a +0 leather armour (worn)
Jewellery
 p - a +4 ring of protection (left hand)
Scrolls
 e - 2 scrolls of fear
 g - a scroll of vulnerability {unknown}
 h - a scroll of summoning {unknown}
 i - a scroll of torment {unknown}


   Skills:
 - Level 2.0 Fighting
 - Level 3.4(3.5) Polearms
 - Level 1.0(2.3) Staves
 + Level 1.3 Throwing
 - Level 1.0 Armour
 - Level 1.0 Stealth
 * Level 1.6 Spellcasting
 + Level 0.3 Transmutations
 + Level 0.3 Poison Magic


You had 3 spell levels left.
You knew the following spells:

 Your Spells              Type           Power      Damage    Failure   Level
a - Sting                 Tmut/Pois      4%         1d3       38%         1

Your spell library contained the following spells:

 Spells                   Type           Power      Damage    Failure   Level
 Poisonous Vapours        Pois/Air       0%         N/A       54%         2
 Static Discharge         Conj/Air       0%         3-3/arc   58%         2
 Dispel Undead            Necr           0%         3d6       99%         4
 Olgreb's Toxic Radiance  Pois           1%         N/A       99%         4
 Sticky Flame             Conj/Fire      0%         2d3       99%         4


Dungeon Overview and Level Annotations

Branches:
Dungeon (3/15) Zot: 17642

Altars:

Shops:
D:1 *


Innate Abilities, Weirdness & Mutations

You are immune to poison.
Your flesh is cold resistant. (rC+)
You are immune to negative energy. (rN+++)
You are immune to unholy pain and torment.
You are vulnerable to heat. (rF-)
You do not drink.


Message History

Autopickup is now off.
You see here a +4 ring of protection.
p - a +4 ring of protection;
p - a +4 ring of protection (left hand)
Okay, then.
What are your orders? t - Shout!
Orders for allies: a - Attack new target. r - Retreat! s - Stop attacking. g - Guard the area. f - Follow me.
Anything else - Cancel.
You shout for attention!
You hear a shout!
A kobold comes into view. It is wielding a +0 dagger.
You hit the endoplasm.
The endoplasm is lightly wounded.
The endoplasm hits you but does no damage.
You hit the endoplasm.
The endoplasm is almost dead.
The endoplasm hits you but does no damage.
You hit the endoplasm.
You kill the endoplasm!
You closely miss the kobold. The kobold closely misses you.
You hit the kobold but do no damage. The kobold barely misses you.
You miss the kobold. You punch the kobold, but do no damage.
The kobold hits you but does no damage.
You hit the kobold.
You kill the kobold!
No target in view!
No target in view!
You see here a bat corpse.
You see here a +0 sling.
You see here a +0 sling.
j - a +0 sling Adjust to which letter? (? for menu, Esc to quit)
b - a +0 sling;
j - a +0 quarterstaff
b - a +0 sling (weapon)
You see here a hobgoblin corpse.
You see here 10 gold pieces.
You now have 16 gold pieces (gained 10).
A goblin comes into view. It is wielding a +0 club.
Unknown command.
Unknown command.
You see here a +0 dagger.
The goblin shouts!
You shoot a sling bullet.
The sling bullet closely misses the goblin.
The goblin hits you but does no damage.
You shoot a sling bullet.
The sling bullet closely misses the goblin.
The goblin hits you but does no damage.
You shoot a sling bullet.
The sling bullet completely misses the goblin.
The goblin hits you but does no damage. x2
You shoot a sling bullet.
The sling bullet closely misses the goblin.
The goblin hits you but does no damage.
a - a +2 spear (weapon)
The goblin hits you with a +0 club.
You hit the goblin.
The goblin is heavily wounded.
You hit the goblin.
You kill the goblin!
No target in view!
b - a +0 sling (weapon)
Found a stone staircase leading down.
Found 10 gold pieces.
A goblin comes into view. It is wielding a +0 dagger.
The goblin shouts!
You shoot a sling bullet.
The sling bullet barely misses the goblin.
You shoot a sling bullet.
The sling bullet closely misses the goblin.
The goblin misses you.
a - a +2 spear (weapon)
You hit the goblin.
The goblin is heavily wounded.
A bat comes into view.
The goblin hits you but does no damage.
You hit the goblin.
You kill the goblin!
The bat barely misses you.
You see here a +0 dagger.
You hit the bat.
The bat is severely wounded.
The bat closely misses you.
You reach to attack!
You hit the bat.
You kill the bat!
No target in view!
No target in view!
You see here 10 gold pieces.
You now have 26 gold pieces (gained 10).
Found a scroll of fear.
There is a stone staircase leading down here.
You see here a scroll of fear.
Okay, then.
e - 2 scrolls of fear (gained 1)
There is a stone staircase leading down here.
You climb downwards.
Found a stone staircase leading down.
There is a stone staircase leading up here.
The bat barely misses you.
You hit the bat.
You kill the bat!
No target in view!
No target in view!
There is a stone staircase leading down here.
You climb downwards.
Found five items.
Found a stone staircase leading up.
There is a stone staircase leading up here.
A jackal comes into view.
Found a faded altar of an unknown god.
A jackal comes into view.
You see here 15 gold pieces.
You now have 41 gold pieces (gained 15).
There is a stone staircase leading up here.
You reach to attack!
You hit the jackal.
You kill the jackal!
No target in view!
No target in view!
b - a +0 sling (weapon)
You shoot a sling bullet. The sling bullet hits the jackal!
You kill the jackal!
No target in view!
Found a war axe.
There is a stone staircase leading up here.
You climb upwards.
Found a book of Touch.
There is a stone staircase leading down here.
a - a +2 spear (weapon)
The kobold shouts!
The hobgoblin shouts!
You hit the kobold.
The kobold is moderately wounded.
The kobold hits you with a +0 club.
You hit the kobold.
You kill the kobold!
You hit the hobgoblin.
The hobgoblin is almost dead.
The hobgoblin hits you but does no damage.
You hit the hobgoblin.
You kill the hobgoblin!
No target in view!
Found 6 stones.
You see here a book of Touch.
You pick up a book of Touch and begin reading...
You add the spells Static Discharge, Sticky Flame and Dispel Undead to your library.
There is a stone staircase leading down here.
Okay, then.
Okay, then.
You climb downwards.
There is a stone staircase leading up here.
Are you sure you want to abandon this character and quit the game? (Confirm with "yes".)

.......)..#
..........##
...........#
...........#
#.!..........####.
..................
................#
..#......@......###.
....................
............(.......
............[.......
..#...<............
#..................
###.....†..........
###.......#....#..
#..........#.......


There were no monsters in sight!

Vanquished Creatures
  2 endoplasms (D:1)
  A giant cockroach (D:1)
  3 goblins (D:1)
  3 hobgoblins
  2 jackals (D:3)
  A quokka (D:1)
  2 ball pythons (D:1)
  3 bats
  2 frilled lizards (D:1)
  2 kobolds
  2 rats (D:1)
23 creatures vanquished.

Notes
Turn   | Place    | Note
-------+----------+-------------------------------------------
     0 | D:1      | sentinel the Mummy Wanderer began the quest for the Orb.
     0 | D:1      | sentinel set off with the following items: a +2 spear, a +0
                  | quarterstaff, 10 poisoned darts, a +0 dagger, a scroll of
                  | fear, a +0 leather armour.
     0 | D:1      | Reached XP level 1. HP: 16/16 MP: 1/1
    57 | D:1      | Found Iriw's General Store.
    88 | D:1      | Learned a level 1 spell: Sting
   105 | D:1      | Reached XP level 2. HP: 18/22 MP: 3/3
   176 | D:1      | Reached skill level 1 in Spellcasting
   323 | D:3      | Found a faded altar of an unknown god.
   363 | D:3      | Quit the game

Illustrated notes

Levels and vault maps discovered:
D:1:      saegor_arrival_miasma, layout_loops_ring, serial_shops,
          nicolae_shop_crystal
D:2:      layout_loops_cross, serial_shops, shop
D:3:      layout_basic, makhleb_altar_promises_db, lemuel_tele_altar,
          hellmonk_ecumenical_altar_dog_temple

Skill      XL: |  1  2 |
---------------+-------+-----
Spellcasting   | 1 |  1.6
Fighting       | |  2.0
Polearms       | |  3.4
Staves         | |  1.0
Throwing       | |  1.3
Armour         | |  1.0
Stealth        | |  1.0
Transmutations | |  0.3
Poison Magic   | |  0.3

Action                   || total
-------------------------++-------
Melee: Spear             ||    51
       Punch             ||     1
 Fire: Sling             ||     7
Throw: Dart              ||     6
 Stab: Sleeping          ||     1
Armor: Leather armour    ||    16
Dodge: Dodged            ||    22
